 Dungeon Crawl Stone Soup version 0.21.1-1-g345015f (webtiles) character file.

154645 raistware the Sorcerer (level 16, 0/99 HPs)
             Began as a Mummy Wizard on Apr 5, 2018.
             Was a High Priest of Sif Muna.
             Shot with an arrow by a centaur warrior (20 damage)
             ... on level 2 of the Vaults on Apr 9, 2018.
             The game lasted 06:58:35 (49553 turns).

raistware the Sorcerer (Mummy Wizard)              Turns: 49553, Time: 06:58:37

Health: 0/99       AC:  9    Str: 12    XL:     16   Next: 78%
Magic:  6/50       EV: 12    Int: 22    God:    Sif Muna [*****.]
Gold:   1826       SH:  9    Dex: 11    Spells: 4/57 levels left

rFire    . . .     SeeInvis .   T - +1 mace (protect)
rCold    + . .     Gourm    .   J - +3 buckler
rNeg     + + +     Faith    .   Y - +3 leather armour {rF+}
rPois    ∞         Spirit   .   b - +0 hat
rElec    .         Reflect  +   n - +1 cloak
rCorr    .         Harm     .   (no gloves)
MR       ++...                  f - +0 pair of boots
Stlth    ++........             a - +2 amulet of reflection
HPRegen  0.26/turn              o - ring of wizardry
MPRegen  0.32/turn              l - ring of magical power

@: very slightly contaminated
A: no food or potions, fire vulnerability, cold resistance 1, negative energy
resistance 3, torment resistance, unbreathing, in touch with death 1
}: 1/15 runes: decaying
a: Divine Energy, Channel Magic, Forget Spell, Renounce Religion


You were on level 2 of the Vaults.
You worshipped Sif Muna.
Sif Muna was extremely pleased with you.
You were not hungry.

You visited 6 branches of the dungeon, and saw 27 of its levels.
You also visited: Ice Cave.

You collected 2729 gold pieces.
You spent 903 gold pieces at shops.

Inventory:

Hand Weapons
 u - a +0 whip of electrocution
 O - a +5 flail
 T - a +1 mace of protection (weapon)
Missiles
 j - 4 throwing nets (quivered)
Armour
 b - a +0 hat (worn)
 f - a +0 pair of boots (worn)
 n - a +1 cloak (worn)
 J - a +3 buckler (worn)
 R - a +2 robe of cold resistance
 S - a +0 shield of reflection
 Y - a +3 leather armour of fire resistance (worn)
Magical Staves
 d - an uncursed staff of fire
Jewellery
 a - a +2 amulet of reflection (around neck)
 l - a ring of magical power (right hand)
 o - a ring of wizardry (left hand)
 p - an uncursed ring of stealth
 q - an uncursed ring of protection from cold
 y - an uncursed ring of flight
 C - an uncursed ring of fire
 D - a +4 ring of intelligence
 E - an uncursed ring of protection from cold
 H - an uncursed ring of resist corrosion
Wands
 c - a wand of scattershot (12)
 e - a wand of flame (37)
 h - a wand of paralysis (28)
 s - a wand of acid (9)
 w - a wand of disintegration (36)
 F - a wand of polymorph (89)
 M - a wand of enslavement (24)
 U - a wand of clouds (3)
 W - a wand of digging (23)
Scrolls
 i - 15 scrolls of remove curse
 k - 4 scrolls of teleportation
 m - 4 scrolls of identify
 t - 4 scrolls of magic mapping
 x - 6 scrolls of amnesia
 z - 7 scrolls of enchant weapon
 I - a scroll of enchant armour
 K - 2 scrolls of silence
 L - 4 scrolls of fear
 N - a scroll of vulnerability
 V - 2 scrolls of fog
Books
 g - a book of Frost

   Spells                             Type                      Level
   a - Freeze                         Ice                          1
   b - Throw Frost                    Conjuration/Ice              2
   c - Ozocubu's Armour               Charms/Ice                   3
   d - Throw Icicle                   Conjuration/Ice              4
   e - Summon Ice Beast               Ice/Summoning                4
 r - Vikiqig's Tome of Torrid Moulding
   (Sif Muna gifted it to you on level 11 of the Dungeon)

   Spells                             Type                      Level
   a - Throw Flame                    Conjuration/Fire             2
   b - Passwall                       Transmutation/Earth          2
   c - Conjure Flame                  Conjuration/Fire             3
   d - Fireball                       Conjuration/Fire             5
   e - Alistair's Intoxication        Transmutation/Poison         5
   f - Bolt of Fire                   Conjuration/Fire             6
   g - Fire Storm                     Conjuration/Fire             9
 A - a book of Enchantments

   Spells                             Type                      Level
   a - Cause Fear                     Hexes                        4
   b - Yara's Violent Unravelling     Hexes/Transmutation          5
   c - Silence                        Hexes/Air                    5
   d - Deflect Missiles               Charms/Air                   6
   e - Discord                        Hexes                        8
 B - Sif Muna's Disquisition on Conjuration
   (Sif Muna gifted it to you on level 2 of the Swamp)

   Spells                             Type                      Level
   a - Conjure Flame                  Conjuration/Fire             3
   b - Iron Shot                      Conjuration/Earth            6
   c - Freezing Cloud                 Conjuration/Ice/Air          6
   d - Lehudib's Crystal Spear        Conjuration/Earth            8
   e - Glaciate                       Conjuration/Ice              9
 G - a book of Conjurations

   Spells                             Type                      Level
   a - Magic Dart                     Conjuration                  1
   b - Searing Ray                    Conjuration                  2
   c - Dazzling Spray                 Conjuration/Hexes            3
   d - Fulminant Prism                Conjuration/Hexes            4
   e - Force Lance                    Conjuration/Translocation    4
   f - Iskenderun's Mystic Blast      Conjuration                  4
 P - Sif Muna's Papyrus of Enchantment
   (Sif Muna gifted it to you on level 2 of the Orcish Mines)

   Spells                             Type                      Level
   a - Corona                         Hexes                        1
   b - Fulminant Prism                Conjuration/Hexes            4
   c - Leda's Liquefaction            Hexes/Earth                  4
   d - Metabolic Englaciation         Hexes/Ice                    5
 Q - a book of Power

   Spells                             Type                      Level
   a - Iskenderun's Battlesphere      Conjuration/Charms           5
   b - Venom Bolt                     Conjuration/Poison           5
   c - Bolt of Magma                  Conjuration/Fire/Earth       5
   d - Iron Shot                      Conjuration/Earth            6
   e - Orb of Destruction             Conjuration                  7
   f - Spellforged Servitor           Conjuration/Summoning        7
 X - Sif Muna's Tome of Attacks and Feathers
   (Sif Muna gifted it to you on level 4 of the Swamp)

   Spells                             Type                      Level
   a - Flame Tongue                   Conjuration/Fire             1
   b - Sting                          Conjuration/Poison           1
   c - Swiftness                      Charms/Air                   2
   d - Throw Flame                    Conjuration/Fire             2
   e - Fulminant Prism                Conjuration/Hexes            4
   f - Iskenderun's Mystic Blast      Conjuration                  4
   g - Poison Arrow                   Conjuration/Poison           6
   h - Chain Lightning                Conjuration/Air              8
 Z - Sif Muna's Grimoire of Weightlessness and Unholy Secrets
   (Sif Muna gifted it to you on level 3 of the Lair of Beasts)

   Spells                             Type                      Level
   a - Static Discharge               Conjuration/Air              3
   b - Summon Lightning Spire         Summoning/Air                4
   c - Lightning Bolt                 Conjuration/Air              5
   d - Conjure Ball Lightning         Conjuration/Air              6
   e - Infestation                    Necromancy                   8


   Skills:
 - Level 1.0 Fighting
 + Level 1.2 Maces & Flails
 - Level 4.0 Armour
 - Level 2.0 Dodging
 - Level 2.0 Stealth
 - Level 4.0 Shields
 + Level 21.0 Spellcasting
 * Level 15.2 Conjurations
 + Level 3.1 Charms
 - Level 2.1 Summonings
 + Level 1.8 Translocations
 * Level 9.0 Fire Magic
 + Level 2.8 Ice Magic
 - Level 4.0 Air Magic
 - Level 2.0 Earth Magic
 - Level 2.0 Invocations


You had 4 spell levels left.
You knew the following spells:

 Your Spells              Type           Power        Failure   Level  Hunger
a - Magic Dart            Conj           ####         0%          1    N/A
b - Blink                 Tloc           N/A          1%          2    N/A
c - Fire Storm            Conj/Fire      ######....   98%         9    N/A
d - Conjure Flame         Conj/Fire      ######..     1%          3    N/A
e - Mephitic Cloud        Conj/Pois/Air  ######..     1%          3    N/A
f - Bolt of Magma         Conj/Fire/Erth ######....   1%          5    N/A
g - Iskenderun's Battles  Conj/Chrm      ######..     1%          5    N/A
h - Fulminant Prism       Conj/Hex       ######....   1%          4    N/A
i - Orb of Destruction    Conj           ######....   1%          7    N/A
j - Summon Ice Beast      Ice/Summ       ####....     3%          4    N/A
k - Summon Lightning Spi  Summ/Air       #####...     2%          4    N/A
m - Deflect Missiles      Chrm/Air       #####.....   32%         6    N/A

Dungeon Overview and Level Annotations

Branches:
Dungeon (14/15)            Temple (1/1) D:7            Lair (4/6) D:9
  Swamp (4/4) Lair:4       Spider (0/4) Lair:4          Orc (2/2) D:10
    Elf (0/3) Orc:2        Vaults (2/5) D:14
  Crypt: Vaults:2-3

Altars:
Ashenzari
Cheibriados
Dithmenos
Elyvilon
Fedhas
Gozag
Hepliaklqana
Kikubaaqudgha
Makhleb
Nemelex Xobeh
Okawaru
Qazlal
Ru
Sif Muna
Trog
Uskayaw
Vehumet
Wu Jian
Xom
Yredelemnul
Zin
The Shining One

Shops:
D:6 *   Orc:2 =:=!*   Vaults:1 (

Annotations:
D:7 2 transporters, exclusion: downstairs
Vaults:2 Aizul


Innate Abilities, Weirdness & Mutations

You do not eat or drink.
Your flesh is vulnerable to fire.
You are immune to poison.
Your flesh is cold resistant. (rC+)
You are immune to negative energy. (rN+++)
You are immune to unholy pain and torment.
You can survive without breathing.
You are in touch with the powers of death.


Message History

The arrow hits your battlesphere!!
Your battlesphere is destroyed!
Casting: Iskenderun's Battlesphere
Confirm with . or Enter, or press ? or * to list all spells.
You conjure a globe of magical energy.
An ogre opens the door.
Blink to where?
Press: ? - help, Dir - move target cursor You are very lightly contaminated with residual magic.
As you read the scroll of blinking, it crumbles to dust.
You feel less invigorated.
The centaur warrior shoots an arrow.
The arrow hits you!
Casting: Iskenderun's Battlesphere
Confirm with . or Enter, or press ? or * to list all spells.
Aiming: Orb of Destruction
Press: ? - help, Shift-Dir - straight line, f - centaur warrior
Aim: a centaur warrior, wielding a shortbow The centaur warrior shoots an arrow.
The arrow hits you!!
* * * LOW HITPOINT WARNING * * *
The centaur warrior shoots an arrow.
The arrow hits you!!
You die...

######################'#######
###########....)O......#
#.........#....)(......#
#.#.#.###.#.....§......# #
#[#.[.#.....c......#
#.#######)#####............#
#..........%#.#*...........#
.###.....###.§*...........#
#(.<..#.#@'.....(......#
#....(#)#.#............#
#.....))(('............#
#####.###.###.#............#
#...#..[#.#...#............#
#.###.#######.#............#
#......!..#...##############
###############


You could see a centaur warrior, an ogre and a friendly battlesphere.

Vanquished Creatures
  the Lernaean hydra (Swamp:4)
  Rupert (D:14)
  Kirke (D:12)
  Frances (D:14)
  2 thorn hunters
  The ghost of Mirai the Eclecticist, an adept DECj of Vehumet (Swamp:4)
  Donald (Swamp:2)
  A frost giant (IceCv)
  A fire giant (Vaults:1)
  An iron dragon (D:14)
  3 vault wardens (Vaults:1)
  4 ironheart preservers
  The ghost of empire the Nimble, a journeyman GnGl of Ashenzari (Lair:2)
  The ghost of Exporg the Basher, a journeyman FoFi of Okawaru (Lair:2)
  2 fire dragons (Vaults:1)
  2 yaktaur captains (Vaults:1)
  Fannar (Orc:1)
  A rakshasa (Vaults:1)
  13 hydras
  2 vault guards (D:14)
  2 ogre magi
  2 ghost crabs
  2 centaur warriors (Vaults:1)
  2 alligators (Swamp:4)
  6 death yaks
  2 deep troll earth magi (Vaults:1)
  8 two-headed ogres
  4 skeletal warriors (D:12)
  6 deep trolls (Vaults:1)
  5 unseen horrors
  11 swamp dragons
  Pikel (D:8)
  2 wizards
  An ironbrand convoker (Vaults:1)
  4 orc knights
  14 ugly things
  A manticore (D:14)
  A cyclops (Vaults:1)
  Maurice (D:13)
  3 vault sentinels (Vaults:1)
  An ice statue (IceCv)
  A gargoyle (D:6)
  2 black mambas (Lair:4)
  10 spiny frogs
  2 kobold demonologists (D:14)
  13 yaktaurs
  A rime drake (Lair:3)
  5 komodo dragons
  A yaktaur (shapeshifter) (D:14)
  3 freezing wraiths
  2 ice devils (D:13)
  10 trolls
  2 tengu conjurers
  A jumping spider (Lair:4)
  A queen bee (shapeshifter) (Vaults:1)
  15 polar bears
  9 hornets
  2 tyrant leeches
  A blink frog (Lair:3)
  4 bog bodies
  6 hippogriffs
  10 slime creatures
  3 dream sheep
  7 spriggans
  Sigmund (D:2)
  40 yaks
  A wraith (Vaults:1)
  5 shadows
  13 humans (D:14)
  2 wyverns
  3 vampire mosquitoes (D:12)
  2 hungry ghosts
  5 wargs
  2 steam dragons
  10 insubstantial wisps
  26 swamp worms
  An acid dragon (D:14)
  3 water moccasins
  13 porcupines
  8 ice beasts
  46 orc warriors
  14 swamp drakes
  2 sky beasts
  4 slaves (D:8)
  2 black bears
  2 necrophages
  14 ogres
  5 phantoms
  14 centaurs
  12 wolves (IceCv)
  6 big kobolds
  11 crocodiles
  19 bullfrogs
  A wyvern skeleton (D:9)
  A scorpion (D:5)
  A water moccasin skeleton (D:9)
  9 killer bees
  8 wights (D:14)
  6 howler monkeys
  2 crimson imps
  2 bullfrog zombies
  2 quasits (D:7)
  9 hounds
  Crazy Yiuf (D:2)
  A gnoll shaman (D:4)
  14 orc priests
  3 bullfrog skeletons
  4 iguanas
  Terence (D:3)
  Natasha (D:2)
  24 orc wizards
  9 worker ants
  2 hound skeletons
  A howler monkey zombie (D:9)
  3 worker ant zombies
  18 gnolls
  19 adders
  A river rat (Lair:1)
  A shadow imp (D:7)
  An ooze (D:3)
  2 adder zombies
  2 worms (D:3)
  2 dart slugs
  2 leopard geckos (D:2)
  82 orcs
  2 ball pythons
  8 bats
  7 giant cockroaches
  11 goblins
  7 hobgoblins
  6 jackals (D:2)
  5 quokkas
  6 frilled lizards
  17 kobolds
  A leopard gecko zombie (D:8)
  8 rats
  A plant (Lair:1)
831 creatures vanquished.

Vanquished Creatures (collateral kills)
  An ironheart preserver (Vaults:1)
  A centaur warrior (Vaults:2)
  3 two-headed ogres
  A deep troll (Vaults:1)
  2 necromancers (D:14)
  A swamp dragon (Swamp:3)
  An orc knight (Vaults:1)
  An ugly thing (D:14)
  A deep elf mage (D:14)
  4 yaktaurs (Vaults:1)
  A polar bear (IceCv)
  Grinder (D:3)
  A tyrant leech (Swamp:4)
  4 slime creatures
  3 hornets
  6 yaks
  6 humans (D:14)
  A vampire mosquito (D:12)
  The ghost of Hasart the Firebug, an amateur DgFE (D:4)
  3 swamp worms
  A swamp drake (Swamp:4)
  A sky beast (D:4)
  A phantom (D:9)
  An orc warrior (Vaults:2)
  3 ogres
  2 centaurs (Vaults:1)
  A bullfrog (D:9)
  A crimson imp (D:9)
  A bullfrog zombie (D:9)
  A hound (D:4)
  An orc wizard (D:6)
  A gnoll (D:4)
  8 orcs
  A quokka (D:4)
  A frilled lizard (D:4)
68 creatures vanquished.

Vanquished Creatures (others)
  A cyclops (Orc:1)
  A polar bear (IceCv)
  2 wolves (IceCv)
  35 fulminant prisms
  6 fungi (Lair:2)
  11 plants
56 creatures vanquished.

Grand Total: 955 creatures vanquished

Notes
Turn   | Place    | Note
-------+----------+-------------------------------------------
     0 | D:1      | raistware the Mummy Wizard began the quest for the Orb.
     0 | D:1      | Reached XP level 1. HP: 13/13 MP: 5/5
   470 | D:1      | Reached skill level 1 in Conjurations
   569 | D:1      | Reached XP level 2. HP: 11/19 MP: 0/7
   642 | D:1      | Learned a level 2 spell: Blink
   645 | D:1      | Learned a level 2 spell: Call Imp
  1070 | D:2      | Reached skill level 5 in Spellcasting
  1219 | D:2      | Reached XP level 3. HP: 20/24 MP: 5/9
  1224 | D:2      | Learned a level 3 spell: Conjure Flame
  1228 | D:2      | Learned a level 3 spell: Mephitic Cloud
  1383 | D:2      | Noticed Natasha
  1424 | D:2      | Found a sparkling altar of Nemelex Xobeh.
  1717 | D:2      | Killed Natasha
  1717 | D:2      | Reached skill level 1 in Summonings
  1717 | D:2      | Reached skill level 1 in Translocations
  1717 | D:2      | Reached XP level 4. HP: 28/30 MP: 3/11
  2142 | D:2      | Found a runed door.
  2146 | D:2      | Noticed Crazy Yiuf
  2203 | D:2      | Killed Crazy Yiuf
  2322 | D:2      | Reached XP level 5. HP: 35/35 MP: 5/13
  2403 | D:2      | Noticed Sigmund
  2416 | D:2      | Killed Sigmund
  2416 | D:2      | Reached skill level 6 in Spellcasting
  2416 | D:2      | Reached XP level 6. HP: 22/41 MP: 4/15
  2596 | D:2      | Found a faded altar of an unknown god.
  2820 | D:3      | Noticed Grinder
  2828 | D:3      | Paralysed by Grinder for 4 turns
  2845 | D:3      | Paralysed by Grinder for 7 turns
  2864 | D:3      | Paralysed by Grinder for 3 turns
  3238 | D:3      | Noticed Terence
  3255 | D:3      | Killed Terence
  3542 | D:3      | Found a deep blue altar of Sif Muna.
  3589 | D:3      | Became a worshipper of Sif Muna the Loreminder
  3760 | D:3      | Reached skill level 7 in Spellcasting
  3944 | D:3      | Found a radiant altar of Vehumet.
  4171 | D:3      | Killed Grinder
  4171 | D:3      | Reached XP level 7. HP: 24/47 MP: 17/17
  4290 | D:4      | Reached skill level 1 in Fighting
  4438 | D:4      | Reached skill level 8 in Spellcasting
  4546 | D:4      | Noticed Hasart's ghost (amateur DgFE)
  4561 | D:4      | Killed Hasart's ghost
  4561 | D:4      | Reached * piety under Sif Muna
  4561 | D:4      | Reached skill level 5 in Conjurations
  4562 | D:4      | Reached XP level 8. HP: 54/54 MP: 12/20
  4727 | D:4      | Found an ornate altar of the Wu Jian Council.
  4763 | D:4      | Found an opulent altar of Gozag.
  4848 | D:4      | Reached skill level 1 in Fire Magic
  5650 | D:5      | Entered Level 5 of the Dungeon
  5677 | D:5      | Reached skill level 9 in Spellcasting
  5883 | D:5      | Reached ** piety under Sif Muna
  5961 | D:5      | Found a sacrificial altar of Ru.
  6623 | D:5      | Found a burning altar of Makhleb.
  6654 | D:6      | Found a snail-covered altar of Cheibriados.
  6820 | D:6      | Reached XP level 9. HP: 59/59 MP: 14/22
  7009 | D:6      | Noticed a gargoyle
  7488 | D:6      | Reached skill level 10 in Spellcasting
  7591 | D:6      | Found Boikhopa's Bounteous Boutique.
  7597 | D:6      | Found a burning altar of Makhleb.
  7599 | D:6      | Bought a scroll of blinking for 97 gold pieces
  7652 | D:6      | Reached skill level 1 in Air Magic
  7985 | D:6      | Killed a gargoyle
  7985 | D:6      | Reached *** piety under Sif Muna
  7985 | D:6      | Reached skill level 1 in Armour
  8134 | D:7      | Found a hazy altar of Hepliaklqana.
  8134 | D:7      | Found a transporter.
  8134 | D:7      | Noticed a cyclops
  8609 | D:7      | Found a staircase to the Ecumenical Temple.
  8619 | Temple   | Entered the Ecumenical Temple
  8943 | D:7      | Reached skill level 11 in Spellcasting
  9017 | D:7      | Found a transporter.
  9054 | D:7      | Noticed a two-headed ogre
  9063 | D:7      | Killed a two-headed ogre
  9506 | D:7      | Reached XP level 10. HP: 65/65 MP: 24/25
  9574 | D:8      | Noticed Pikel
  9599 | D:8      | Noticed a cyan ugly thing
  9608 | D:8      | Killed a cyan ugly thing
  9608 | D:8      | Reached **** piety under Sif Muna
  9608 | D:8      | Reached skill level 12 in Spellcasting
  9804 | D:8      | Killed Pikel
 10382 | D:9      | Found a staircase to the Lair.
 11519 | D:9      | Found a glowing golden altar of the Shining One.
 11603 | D:9      | Reached ***** piety under Sif Muna
 11921 | D:9      | Reached skill level 13 in Spellcasting
 11930 | D:10     | Entered Level 10 of the Dungeon
 11949 | D:9      | Identified Sif Muna's Second Course in Casting (Sif Muna gifted it to you on level 9 of the Dungeon)
 11949 | D:9      | Received a gift from Sif Muna
 11957 | D:9      | Learned a level 5 spell: Bolt of Magma
 11963 | D:9      | Learned a level 5 spell: Iskenderun's Battlesphere
 12544 | D:10     | Noticed a two-headed ogre
 12572 | D:10     | Killed a two-headed ogre
 12572 | D:10     | Reached XP level 11. HP: 70/70 MP: 17/28
 13191 | D:10     | Found a staircase to the Orcish Mines.
 13289 | D:10     | Noticed a three-headed hydra
 13674 | D:10     | Found a glowing silver altar of Zin.
 13709 | D:10     | Killed a three-headed hydra
 13709 | D:10     | Reached skill level 14 in Spellcasting
 13709 | D:10     | Reached skill level 1 in Charms
 14169 | Orc:1    | Entered Level 1 of the Orcish Mines
 14521 | Orc:2    | Entered Level 2 of the Orcish Mines
 14626 | Orc:1    | Reached skill level 1 in Earth Magic
 14776 | Orc:1    | You fall through a shaft!
 15401 | Orc:2    | Noticed an orc knight
 15413 | Orc:2    | Killed an orc knight
 15413 | Orc:2    | Identified Sif Muna's Papyrus of Enchantment (Sif Muna gifted it to you on level 2 of the Orcish Mines)
 15413 | Orc:2    | Received a gift from Sif Muna
 15420 | Orc:2    | Learned a level 4 spell: Fulminant Prism
 15772 | Orc:2    | Reached skill level 5 in Fire Magic
 16154 | Orc:2    | Found Ydadghaon's Jewellery Shop.
 16154 | Orc:2    | Found Daijit's Book Emporium.
 16158 | Orc:2    | Found Laru's Jewellery Shoppe.
 16160 | Orc:2    | Found Kiaddeig's Distillery.
 16741 | Orc:2    | Found a staircase to the Elven Halls.
 16827 | Orc:2    | Found Bonie's General Store.
 16832 | Orc:2    | Bought a scroll of fear for 52 gold pieces
 16832 | Orc:2    | Bought a scroll of amnesia for 52 gold pieces
 17132 | Orc:1    | Reached skill level 15 in Spellcasting
 17132 | Orc:1    | Reached XP level 12. HP: 64/76 MP: 6/31
 17284 | Orc:1    | Reached skill level 10 in Conjurations
 17634 | Orc:1    | Noticed Fannar
 17845 | Lair:1   | Entered Level 1 of the Lair of Beasts
 18261 | Lair:1   | Learned a level 7 spell: Orb of Destruction
 18574 | Lair:1   | Learned a level 4 spell: Summon Ice Beast
 18823 | Lair:2   | Noticed empire's ghost (journeyman GnGl)
 18827 | Lair:2   | Killed empire's ghost
 19549 | Lair:2   | Noticed Exporg's ghost (journeyman FoFi)
 19561 | Lair:2   | Killed Exporg's ghost
 20251 | Lair:3   | Noticed a death yak
 20494 | Lair:3   | Noticed a death yak
 20526 | Lair:3   | Noticed a death yak
 20533 | Lair:3   | Noticed a death yak
 20544 | Lair:3   | Killed a death yak
 21067 | Lair:3   | Identified Sif Muna's Grimoire of Weightlessness and Unholy Secrets (Sif Muna gifted it to you on level 3 of the Lair of Beasts)
 21067 | Lair:3   | Received a gift from Sif Muna
 21179 | Lair:3   | Killed a death yak
 21183 | Lair:3   | Killed a death yak
 21183 | Lair:3   | Reached skill level 16 in Spellcasting
 21795 | Lair:3   | Identified the +9 shortbow of Lavobuf {flame, Str-5 Int+6} (You found it on level 3 of the Lair of Beasts)
 22043 | Lair:3   | Killed a death yak
 22602 | Lair:4   | Gained mutation: You are in touch with the powers of death. [Mummy growth]
 22602 | Lair:4   | Reached XP level 13. HP: 81/81 MP: 22/33
 22675 | Lair:4   | Found a hole to the Spider Nest.
 23109 | Lair:4   | Found a staircase to the Swamp.
 23613 | Orc:1    | Learned a level 4 spell: Summon Lightning Spire
 23639 | Orc:1    | Killed Fannar
 23908 | Orc:1    | Found a bloodstained altar of Trog.
 24678 | D:11     | Found a blossoming altar of Fedhas.
 24765 | D:11     | Identified Vikiqig's Tome of Torrid Moulding (Sif Muna gifted it to you on level 11 of the Dungeon)
 24765 | D:11     | Received a gift from Sif Muna
 24773 | D:11     | Learned a level 5 spell: Fireball
 24896 | D:11     | Reached skill level 1 in Ice Magic
 25765 | D:12     | Found a shimmering altar of Xom.
 25946 | D:12     | Reached skill level 17 in Spellcasting
 26131 | D:12     | Noticed Kirke
 26582 | Swamp:1  | Entered Level 1 of the Swamp
 28981 | Swamp:2  | Reached skill level 1 in Shields
 29194 | Swamp:2  | Noticed Donald
 29470 | Swamp:2  | HP: 4/81 [Donald/stone (14)]
 29470 | Swamp:2  | Killed Donald
 29876 | Swamp:2  | Reached XP level 14. HP: 88/88 MP: 26/35
 30471 | Swamp:2  | Identified Sif Muna's Disquisition on Conjuration (Sif Muna gifted it to you on level 2 of the Swamp)
 30471 | Swamp:2  | Received a gift from Sif Muna
 30938 | Swamp:3  | Noticed a thorn hunter
 30958 | Swamp:3  | Killed a thorn hunter
 31579 | Swamp:3  | Reached skill level 18 in Spellcasting
 32108 | Swamp:3  | Found a white marble altar of Elyvilon.
 32629 | Swamp:4  | Entered Level 4 of the Swamp
 33250 | Swamp:4  | Noticed Mirai's ghost (adept DECj)
 33259 | Swamp:4  | Killed Mirai's ghost
 34396 | Swamp:4  | Noticed a thorn hunter
 34420 | Swamp:4  | Killed a thorn hunter
 34830 | Swamp:4  | Identified Sif Muna's Tome of Attacks and Feathers (Sif Muna gifted it to you on level 4 of the Swamp)
 34830 | Swamp:4  | Received a gift from Sif Muna
 35156 | Swamp:4  | Noticed the 27-headed Lernaean hydra
 35821 | Swamp:4  | Killed the 27-headed Lernaean hydra
 36059 | Swamp:4  | Reached XP level 15. HP: 66/93 MP: 12/37
 36175 | Swamp:4  | Got a decaying rune of Zot
 36430 | Lair:4   | Learned a level 6 spell: Deflect Missiles
 36728 | D:12     | Reached skill level 19 in Spellcasting
 37160 | D:12     | Killed Kirke
 37365 | D:13     | Noticed Maurice
 37370 | D:13     | Killed Maurice
 37493 | D:13     | Found a frozen archway.
 37516 | IceCv    | Entered an ice cave
 39785 | IceCv    | Noticed a frost giant
 39799 | IceCv    | Killed a frost giant
 40593 | D:13     | Received a gift from Sif Muna
 41448 | D:14     | Noticed Frances
 41673 | D:14     | Found a deep blue altar of Sif Muna.
 42048 | D:14     | Noticed Rupert
 42052 | D:14     | Killed Rupert
 42257 | D:14     | Killed Frances
 42257 | D:14     | Reached skill level 20 in Spellcasting
 42615 | D:14     | Noticed an iron dragon
 42620 | D:14     | Killed an iron dragon
 43110 | D:14     | Learned a level 9 spell: Fire Storm
 43460 | D:14     | Found a gate to the Vaults.
 43576 | D:14     | Found the +6 shillelagh "Devastator" {shatter}
 43665 | D:14     | Found a shadowy altar of Dithmenos.
 43943 | Vaults:1 | Entered Level 1 of the Vaults
 44304 | Vaults:1 | Reached XP level 16. HP: 66/99 MP: 19/40
 44309 | Vaults:1 | Identified Sif Muna's Almanac of Combat Magic and Ignition (Sif Muna gifted it to you on level 1 of the Vaults)
 44309 | Vaults:1 | Received a gift from Sif Muna
 44772 | Vaults:1 | Reached skill level 1 in Invocations
 47457 | Vaults:1 | Reached skill level 15 in Conjurations
 47910 | Vaults:1 | Identified Sif Muna's Grimoire of Hurtful Companions (Sif Muna gifted it to you on level 1 of the Vaults)
 47910 | Vaults:1 | Received a gift from Sif Muna
 47956 | Vaults:1 | Found Hauli's Antique Weapon Boutique.
 48040 | Vaults:1 | Bought a runed demon whip for 702 gold pieces
 49053 | Vaults:2 | Reached skill level 1 in Maces & Flails
 49459 | Vaults:2 | Reached skill level 21 in Spellcasting
 49545 | Vaults:2 | Noticed Aizul
 49553 | Vaults:2 | Shot with an arrow by a centaur warrior

Skill      XL: |  1  2  3  4  5  6  7  8  9 10 11 12 13 14 15 16 |
---------------+-------------------------------------------------+-----
Conjurations   | 1 2 3 4 5 6 8 9 11 12 13 14 15 | 15.2
Spellcasting   | 5 6 7 8 9 11 13 15 16 17 18 20 21 | 21.0
Summonings     | 1 2 |  2.1
Translocations | 1 |  1.8
Stealth        | 2 |  2.0
Fighting       | 1 |  1.0
Dodging        | 2 |  2.0
Fire Magic     | 1 2 4 5 6 7 8 9 |  9.0
Air Magic      | 1 2 3 4 |  4.0
Armour         | 1 2 3 4 |  4.0
Charms         | 1 2 3 |  3.1
Earth Magic    | 1 2 |  2.0
Ice Magic      | 1 2 |  2.8
Shields        | 1 4 |  4.0
Invocations    | 2 |  2.0
Maces & Flails | 1 |  1.2

Action                   |  1- 3 |  4- 6 |  7- 9 | 10-12 | 13-15 | 16-18 || total
-------------------------+-------+-------+-------+-------+-------+-------++-------
Melee: Dagger            |    11 |    12 |       |       |       |       ||    23
       Whip              |     4 |     9 |    14 |       |       |       ||    27
       Flail             |       |    26 |    21 |    82 |       |       ||   129
       Mace              |       |       |       |    20 |    11 |     5 ||    36
 Cast: Magic Dart        |    60 |   126 |   326 |   354 |   438 |    65 ||  1369
       Mephitic Cloud    |     2 |    10 |    17 |    85 |    26 |    10 ||   150
       Conjure Flame     |     1 |     9 |    44 |   108 |    90 |    20 ||   272
       Call Imp          |       |    10 |    38 |    38 |     4 |       ||    90
       Blink             |       |       |     1 |     1 |     8 |       ||    10
       Iskenderun's Batt |       |       |       |   129 |   305 |    55 ||   489
       Bolt of Magma     |       |       |       |    85 |   221 |    51 ||   357
       Fulminant Prism   |       |       |       |     6 |    17 |    12 ||    35
       Orb of Destructio |       |       |       |    18 |    60 |    51 ||   129
       Summon Ice Beast  |       |       |       |     1 |    31 |    13 ||    45
       Summon Lightning  |       |       |       |       |    46 |    22 ||    68
       Fireball          |       |       |       |       |     3 |       ||     3
       Deflect Missiles  |       |       |       |       |       |     2 ||     2
Invok: Channel Magic     |       |       |       |     2 |     2 |     3 ||     7
 Abil: Stop Flying       |       |       |       |     1 |       |       ||     1
       Evoke Flight      |       |       |       |     1 |       |       ||     1
Evoke: Wand              |     1 |       |     2 |    12 |    10 |       ||    25
  Use: Scroll            |       |       |     3 |    12 |    26 |     5 ||    46
 Stab: Sleeping          |       |     3 |       |     1 |       |       ||     4
       Confused          |       |     1 |       |     2 |       |       ||     3
Armor: Robe              |     5 |    14 |     8 |    22 |       |       ||    49
       Leather armour    |       |       |       |       |    54 |     8 ||    62
Dodge: Dodged            |    22 |    36 |    57 |   115 |    92 |    16 ||   338
       Deflected         |       |       |       |       |       |     2 ||     2
Block: Buckler           |       |       |       |       |    52 |    19 ||    71
       Reflection        |       |       |       |       |    15 |     9 ||    24
       Other             |       |       |       |       |     1 |       ||     1
